 Dungeon Crawl Stone Soup version 0.31.0-11-ge490571c62 (webtiles) character file.

Game seed: 8290641413223738410

423 Gadfly the Ducker (level 6, -2/48 HPs)
             Began as a Merfolk Monk on Jan 27, 2024.
             Slain by an ogre
             ... wielding a +0 giant club
              (20 damage)
             ... on level 4 of the Dungeon.
             The game lasted 00:04:16 (3247 turns).

Gadfly the Ducker (Merfolk Monk)                    Turns: 3247, Time: 00:04:16

Health: -2/48      AC:  3    Str: 13    XL:     6   Next: 95%
Magic:  8/8        EV: 15    Int: 10    God:
Gold:   86         SH:  0    Dex: 22    Spells: 5/5 levels left

rFire   . . .        b - +0 dagger (venom)
rCold   . . .        c - orb {light}
rNeg    . . .        a - +1 robe
rPois   .            (no helmet)
rElec   .            (no cloak)
rCorr   .            (no gloves)
SInv    .            (no boots)
Will    .....        (no amulet)
Stlth   +            e - +6 ring of dexterity
HPRegen 0.28/turn    (no ring)
MPRegen 0.11/turn

%: no passive effects
@: glowing
A: (nimble swimmer 2), mertail
a: no special abilities


You were on level 4 of the Dungeon.
You visited 1 branch of the dungeon, and saw 4 of its levels.

You collected 86 gold pieces.

Inventory:

Hand Weapons
 b - a +0 dagger of venom (weapon)
 h - a +0 flail of holy wrath
Armour
 a - a +1 robe (worn)
 c - an orb of light (worn)
 f - the +0 robe "Jaetaemn" {rPois}
   (You found it on level 3 of the Dungeon)

   rPois:     It protects you from poison
Jewellery
 e - a +6 ring of dexterity (left hand)
Talismans
 g - a blade talisman
Wands
 k - a wand of paralysis (12) (quivered)
Scrolls
 i - 2 scrolls of enchant armour
Potions
 d - a potion of ambrosia
 j - 2 potions of heal wounds {unknown}


   Skills:
 + Level 4.0 Fighting
 + Level 4.9 Dodging
 * Level 4.7 Unarmed Combat
 * Level 3.0 Invocations
 * Level 2.8 Evocations
 * Level 3.4 Shapeshifting


You had 5 spell levels left.
You didn't know any spells.
Your spell library contained the following spells:

 Spells                   Type           Power      Damage    Failure   Level
 Frozen Ramparts          Ice            0%         1d1       75%         3
 Leda's Liquefaction      Alch/Erth      0%         N/A       98%         4
 Petrify                  Alch/Erth      0%         N/A       98%         4
 Metabolic Englaciation   Hex/Ice        0%         N/A       100%        5


Dungeon Overview and Level Annotations

Branches:
Dungeon (4/15)
 Temple: D:4-7

Altars:
Cheibriados


Innate Abilities, Weirdness & Mutations

((You are very nimble when in or above water. (Stealth+, EV+, Speed+++)))
Your lower body shifts to a powerful aquatic tail in water.


Message History

The endoplasm is moderately wounded.
The endoplasm freezes you.
You are frozen.
You hit the endoplasm.
You kill the endoplasm!
The ogre closely misses you.
You hit the ogre but do no damage.
The ogre is poisoned.
The ogre completely misses you.
You barely miss the ogre.
The ogre is lightly wounded.
You hit the ogre.
The ogre is lightly wounded.
The ogre closely misses you. The adder bites you.
You are poisoned.
The adder poisons you!
You hit the ogre but do no damage.
The ogre looks as sick as possible!
The ogre is moderately wounded.
You feel sick. The adder misses you. The ogre hits you with a +0 giant club!
You feel sick.
You feel sick. The adder attacks as it pursues you!
The adder barely misses you. The adder closely misses you.
You feel sick.
You feel sick.
You feel sick.
You are no longer poisoned.
The adder attacks as it pursues you! The adder bites you.
The adder bites you but does no damage. The adder attacks as it pursues you!
The adder barely misses you.
There is a stone staircase leading up here.
You hit the adder.
The adder is poisoned.
The adder is moderately wounded.
The adder completely misses you.
You closely miss the adder.
The adder is heavily wounded.
The adder barely misses you.
You hit the ogre.
The ogre is almost dead.
The adder bites you.
The ogre hits you with a +0 giant club!!
You die...

#.......# ........#
.#g#.......#######
.S##.....#..(....#
####..... #.......###
......... ##<#......##
#.......# ##).......#
##.......# ##..OS.....#
#........###....@..#..#
.............#######
... ...........### ##
............#
............#
........)##..# #
....#..### ....#.
.......# ......
......######.....


You could see an ogre (very poisoned) and an adder (very poisoned).

Vanquished Creatures
  Duvessa (D:4)
  Dowan (D:4)
  A hound (D:4)
  2 orc priests
  A bombardier beetle (D:3)
  An iguana (D:4)
  An orc wizard (D:4)
  3 adders (D:3)
  2 ribbon worms (D:2)
  A dart slug (D:4)
  5 orcs
  9 bats
  6 endoplasms
  7 hobgoblins
  2 quokkas
  5 ball pythons
  7 frilled lizards
  6 goblins
  5 kobolds
  8 rats
74 creatures vanquished.

Notes
Turn   | Place    | Note
-------+----------+-------------------------------------------
     0 | D:1      | Gadfly the Merfolk Monk began the quest for the Orb.
     0 | D:1      | Reached XP level 1. HP: 18/18 MP: 1/1
   215 | D:1      | Reached XP level 2. HP: 21/24 MP: 2/2
   441 | D:1      | Reached skill level 1 in Shapeshifting
   566 | D:1      | Reached skill level 1 in Invocations
  1015 | D:2      | Reached XP level 3. HP: 23/29 MP: 3/3
  1115 | D:2      | Reached skill level 1 in Evocations
  1405 | D:2      | Found a snail-covered altar of Cheibriados.
  1950 | D:3      | Reached XP level 4. HP: 17/35 MP: 3/5
  2352 | D:3      | Identified the +0 robe "Jaetaemn" {rPois}
  2481 | D:3      | Reached XP level 5. HP: 41/41 MP: 6/6
  2582 | D:4      | Noticed Duvessa
  2582 | D:4      | Noticed Dowan
  2760 | D:4      | Reached XP level 6. HP: 25/48 MP: 7/7
  3090 | D:4      | Killed Duvessa
  3227 | D:4      | Killed Dowan
  3247 | D:4      | Slain by an ogre

Illustrated notes

Levels and vault maps discovered:
D:1:      wheals_arrival_linesprint, layout_loops_ring
D:2:      cheibrodos_old_hovel, layout_loops_corners, serial_bayou,
          serial_bayou_pond_a, serial_bayou_pond_b, serial_bayou_shore_b,
          serial_bayou_pond_e, serial_bayou_pond_b, basic_altar
D:3:      layout_loops_ring
D:4:      layout_cave_pools, minmay_checkerbox, uniq_duvessa, uniq_pargi,
          uniq_menkaure

Skill      XL: |  1  2  3  4  5  6 |
---------------+-------------------+-----
Shapeshifting  | 1 2 3 |  3.4
Invocations    | 1 2 3 |  3.0
Evocations     | 1 2 |  2.8
Unarmed Combat | 4 |  4.7
Fighting       | 4 |  4.0
Dodging        | |  4.9

Action                     |  1- 3 |  4- 6 || total
---------------------------+-------+-------++-------
  Melee: Unarmed           |    90 |       ||    90
         Dagger            |    43 |   111 ||   154
         Tailslap          |     2 |       ||     2
    Use: Scroll            |     5 |     3 ||     8
 Armour: Robe              |    46 |    49 ||    95
  Dodge: Dodged            |    93 |    90 ||   183
